 Dungeon Crawl Stone Soup version 0.28-a0-1382-g92835e5c71 (webtiles) character file.

Game seed: 15406704915490488438

37 ders the Magician (level 3, -7/25 HPs)
             Began as a Djinni Fire Elementalist on Jan 1, 2022.
             Mangled by Terence (10 damage)
             ... on level 1 of the Dungeon.
             The game lasted 00:01:34 (1788 turns).

ders the Magician (Djinni Fire Elementalist)        Turns: 1788, Time: 00:01:35

Health: -7/25      AC:  2    Str:  7    XL:     3   Next: 60%
Gold:   13         EV: 16    Int: 18    God:
                   SH:  0    Dex: 13

rFire   + + .      SeeInvis .   (no weapon)
rCold   x . .      Faith    .   i - orb {mayhem}
rNeg    . . .      Spirit   .   a - +0 robe
rPois   ∞          Reflect  .   (no helmet)
rElec   .          Harm     .   (no cloak)
rCorr   .          Rampage  .   (no gloves)
Will    .....                   (boots unavailable)
Stlth   ++........              (no amulet)
HPRegen 0.08/turn               c - +4 ring of evasion
MPRegen 0.00/turn               (no ring)

@: flying
A: sickness immunity, fire resistance 2, cold vulnerability 1, float, innate
caster, hp casting, extra vitality 1
a: no special abilities


You were on level 1 of the Dungeon.
You visited 1 branch of the dungeon, and saw 2 of its levels.

You collected 13 gold pieces.

Inventory:

Armour
 a - a +0 robe (worn)
 i - an orb of mayhem (worn)
Jewellery
 c - a +4 ring of evasion (left hand)
Scrolls
 b - a scroll of vulnerability {unknown}
 f - 2 scrolls of enchant armour {unknown}
 g - 2 scrolls of identify {unknown}
 h - a scroll of fog {unknown}
Potions
 d - a potion of brilliance {unknown}
 e - a potion of ambrosia {unknown}
 j - a potion of haste {unknown}


   Skills:
 - Level 2.1 Dodging
 - Level 1.5 Stealth
 + Level 3.4 Spellcasting


You couldn't memorise any spells.
You knew the following spells:

 Your Spells              Type           Power      Damage    Failure   Level
a - Foxfire               Conj/Fire      60%        2x1d7     3%          1
b - Scorch                Fire           30%        2d6       6%          2
c - Conjure Flame         Conj/Fire      15%        6-21      12%         3
d - Inner Flame           Hex/Fire       15%        N/A       12%         3
e - Flame Wave            Conj/Fire      15%        2d5       36%         4
f - Apportation           Tloc           30%        N/A       3%          1
Your spell library was empty.

Dungeon Overview and Level Annotations

Branches:
Dungeon (2/15)

Altars:

Annotations:
D:1 Terence


Innate Abilities, Weirdness & Mutations

You are immune to sickness and miasma.
You are immune to poison.
Your flesh is very heat resistant. (rF++)
You are vulnerable to cold. (rC-)
You float through the air rather than walking.
You learn spells naturally, not from books.
Your magical power is your life essence.
You have superior vitality. (+4 MHP)


Message History

You conjure some foxfire!
The hobgoblin hits your foxfire! The hobgoblin hits your foxfire.
The foxfire hits the hobgoblin.
You kill the hobgoblin!
Terence flies into a frenzy!
Unknown command.
Casting: Foxfire (safe; 3% risk of failure)
Confirm with . or Enter, or press ? or * to list all spells.
You conjure some foxfire!
The foxfire hits Terence.
Terence is moderately wounded.
The foxfire hits Terence but does no damage.
Terence is moderately wounded.
Terence closely misses you.
Unknown command.
Casting: Foxfire (safe; 3% risk of failure)
Confirm with . or Enter, or press ? or * to list all spells.
You conjure some foxfire!
Terence hits you with a +0 falchion. Terence barely misses you.
The foxfire hits Terence.
Terence is moderately wounded.
Terence misses you.
Unknown command.
Your foxfire dissipates!
The foxfire hits Terence but does no damage.
Terence is moderately wounded.
Terence hits you with a +0 falchion!
Ouch! That really hurt!
* * * LOW HITPOINT WARNING * * *
Terence misses you.
There is a stone staircase leading up here.
Terence closely misses you. Terence misses you.
You fly upwards.
There is a stone staircase leading down here.
Terence misses you.
Terence shouts!
Terence completely misses you.
Terence shouts!
Terence hits you with a +0 falchion!
You die...

##.#####.#...........# #.# #.# #
#.# #.##########.## #.# #.# # #.#
#.# ##.#####.# #.# # #.# ##'##
##........###.### ##.# ##...##
#.....##......... ..>###.....##
#.###.##.####.### #####.......##
#.# #.##.# #.##.
####.........####.###.##)####)#..
...÷.........'..@@...............
##.#.........####....###.####.#..
##.##.......## ##.....>.# #.##.
##.###.....## #.......# #....
##.# ##...## #.#.###.####.###
##.# ##'## #.#.# #......... #.#
#.# ###.#.# #..###.... ##.#
#.#######.....# #..# #.### ...#
##......##.#.### #..###....


You could see the neutral Terence (fast, strong, insane).

Vanquished Creatures
  2 dart slugs (D:1)
  A ball python (D:1)
  3 endoplasms (D:1)
  3 giant cockroaches
  2 goblins (D:1)
  3 hobgoblins
  2 jackals (D:1)
  7 bats (D:1)
  2 frilled lizards (D:1)
  3 kobolds (D:1)
  2 rats (D:1)
30 creatures vanquished.

Vanquished Creatures (others)
  106 foxfires
106 creatures vanquished.

Grand Total: 136 creatures vanquished

Notes
Turn   | Place    | Note
-------+----------+-------------------------------------------
     0 | D:1      | ders the Djinni Fire Elementalist began the quest for the
                  | Orb.
     0 | D:1      | Reached XP level 1. HP: 15/15 MP: 0/0
   322 | D:1      | Found a faded altar of an unknown god.
   326 | D:1      | Reached XP level 2. HP: 20/21 MP: 0/0
   494 | D:1      | Reached skill level 3 in Spellcasting
  1000 | D:1      | Reached XP level 3. HP: 21/25 MP: 0/0
  1000 | D:1      | Learned a level 1 spell: Apportation
  1723 | D:2      | Found the +7 staff of the Meek {protect, meekguard}
  1767 | D:2      | Noticed Terence
  1788 | D:1      | Mangled by Terence

Illustrated notes

Levels and vault maps discovered:
D:1:      minmay_arrival_radiant_lines, layout_loops_corners,
          ebering_ecumenical_altar_sacrificial
D:2:      layout_basic, uniq_terence

Skill      XL: |  1  2 |
---------------+-------+-----
Spellcasting   | 3 |  3.4
Dodging        | |  2.1
Stealth        | |  1.5

Action                   || total
-------------------------++-------
 Cast: Foxfire           ||    68
Armor: Robe              ||     2
Dodge: Dodged            ||    19

Table legend: (Time is in decaauts)
 A = Elapsed time spent in this place.
 B = Non-inter-level travel time spent in this place.
 C = Inter-level travel time spent in this place.
 D = Time resting spent in this place.
 E = Time spent auto-exploring this place.
 F = Levels seen in this place.
 G = Mean time per level.
                   A        B        C        D        E       F      G
               +--------+--------+--------+--------+--------+-----+--------+
         Total |   1787 |   1736 |     51 |    164 |   1363 |   2 |  893.5 |
       Dungeon |   1787 |   1736 |     51 |    164 |   1363 |   2 |  893.5 |
               +--------+--------+--------+--------+--------+-----+--------+

Top non-repeatable levels by time:
     D:1: 1730 daAuts
     D:2: 57 daAuts
